 Dungeon Crawl Stone Soup version 0.29.1-2-gbd0b4ee654 (webtiles) character file.

Game seed: 1542909194697906657

10988 DildoBatman the Thaumaturge (level 12, -5/76 (77) HPs)
             Began as a Formicid Conjurer on Nov 15, 2022.
             Was an Elder of Kikubaaqudgha.
             Hit by a large rock thrown by a cyclops (37 damage)
             ... on level 11 of the Dungeon on Nov 17, 2022.
             The game lasted 00:45:53 (11124 turns).

DildoBatman the Thaumaturge (Formicid Conjurer)    Turns: 11124, Time: 00:45:54

HP:   -5/76 (77)    AC: 10    Str: 10    XL:     12   Next: 2%
MP:   13/24         EV: 11    Int: 27    God:    Kikubaaqudgha [****..]
Gold: 2123          SH:  6    Dex: 24    Spells: 9/27 levels left

rFire   . . .      SeeInvis +   a - +5 falchion "Dupeg" {drain, Int+2 Dex+4}
rCold   . . .      Faith    .   u - +0 buckler
rNeg    . . .      Spirit   .   N - +2 ring mail "Guchoj" {Will+}
rPois   +          Reflect  .   (helmet unavailable)
rElec   .          Harm     .   c - +0 cloak
rCorr   .          Rampage  .   A - +0 pair of gloves
Will    ++...                   (no boots)
Stlth   ++........              (no amulet)
HPRegen 0.22/turn               I - ring of poison resistance
MPRegen 0.19/turn               O - +6 ring of intelligence

@: lightly drained
A: permanent stasis, dig shafts and tunnels, antennae 3, four strong arms, agile
1, frail 1, wild magic 1
a: Dig, Shaft Self, Renounce Religion, Unearth Wretches


You were on level 11 of the Dungeon.
You worshipped Kikubaaqudgha.
Kikubaaqudgha was greatly pleased with you.
You visited 2 branches of the dungeon, and saw 12 of its levels.
You also visited: Bailey.

You collected 2588 gold pieces.
You spent 465 gold pieces at shops.

Inventory:

Hand Weapons
 a - the +5 falchion "Dupeg" (weapon) {drain, Int+2 Dex+4}
   (You took it off an orc on level 4 of the Dungeon)

   A truly terrible weapon, it drains the life of any living foe it strikes.
   Int:       It affects your intelligence (+2).
   Dex:       It affects your dexterity (+4).
 b - a +3 arbalest
 d - a +8 battleaxe
 h - the +2 mace "Killer Bee's Doom" {pain, *Rage rC+ Str+6}
   (You bought it in a shop on level 5 of the Dungeon)

   In the hands of one skilled in necromantic magic, it inflicts extra damage on
   living creatures.
   Str:       It affects your strength (+6).
   rC:        It protects you from cold.
   *Rage:     It berserks you when you make melee attacks (+20% chance).
Missiles
 e - 5 javelins
 j - 93 stones
 k - a silver boomerang
 w - 23 poisoned darts
 y - 2 throwing nets
 K - 13 boomerangs
Armour
 c - a +0 cloak (worn)
 u - a +0 buckler (worn)
 A - a +0 pair of gloves (worn)
 N - the +2 ring mail "Guchoj" (worn) {Will+}
   (You found it on level 9 of the Dungeon)

   Will:      It increases your willpower.
Jewellery
 o - a ring of fire
 I - a ring of poison resistance (left hand)
 O - a +6 ring of intelligence (right hand)
Wands
 E - a wand of paralysis (6)
 G - a wand of flame (14)
 H - a wand of roots (3)
 Q - a wand of light (5)
Scrolls
 f - 3 scrolls of fear {unknown}
 i - 2 scrolls of brand weapon {unknown}
 q - 3 scrolls of enchant weapon
 s - a scroll of butterflies {unknown}
 t - a scroll of summoning {unknown}
 v - 2 scrolls of enchant armour {unknown}
 x - a scroll of poison {unknown}
 C - a scroll of magic mapping
 L - 3 scrolls of immolation {unknown}
Potions
 g - 2 potions of lignification
 l - a potion of resistance
 m - 5 potions of might
 n - 2 potions of invisibility
 p - 3 potions of flight
 r - 2 potions of curing {unknown}
 B - a potion of haste {unknown}
 J - a potion of magic
 M - 5 potions of heal wounds {unknown}
 P - 2 potions of brilliance
Miscellaneous
 z - a box of beasts


   Skills:
 - Level 5.0 Fighting
 - Level 5.0 Armour
 - Level 3.0 Dodging
 - Level 2.4 Stealth
 - Level 3.0 Shields
 - Level 8.0 Spellcasting
 - Level 6.4 Conjurations
 * Level 3.6 Necromancy
 - Level 7.0 Transmutations
 - Level 6.0 Fire Magic
 - Level 6.3 Air Magic
 - Level 7.0 Poison Magic


You had 9 spell levels left.
You knew the following spells:

 Your Spells              Type           Power      Damage    Failure   Level
a - Magic Dart            Conj           100%       1d8       2%          1
b - Ignite Poison         Fire/Tmut/Pois 57%        N/A       5%          3
c - Searing Ray           Conj           100%       2d8       3%          2
d - Vampiric Draining     Necr           39%        2d8       16%         3
e - Mephitic Cloud        Conj/Pois/Air  57%        N/A       5%          3
h - Dispel Undead         Necr           39%        3d16      43%         4
z - Sublimation of Blood  Necr           39%        N/A       9%          2

Your spell library contained the following spells:

 Spells                   Type           Power      Damage    Failure   Level
 Sting                    Tmut/Pois      100%       1d8       1%          1
 Scorch                   Fire           100%       2d10      3%          2
 Static Discharge         Conj/Air       56%        3-10/arc  3%          2
 Necrotise                Necr           100%       1d9       6%          1
 Dazzling Flash           Conj/Hex       72%        N/A       17%         3
 Flame Wave               Conj/Fire      55%        2d13      17%         4
 Corpse Rot               Necr/Pois/Air  52%        N/A       21%         4
 Alistair's Intoxication  Tmut/Pois      38%        N/A       32%         5
 Lightning Bolt           Conj/Air       28%        1d44      38%         5
 Animate Dead             Necr           39%        N/A       43%         4
 Fulminant Prism          Conj/Hex       18%        3d11      47%         4
 Iskenderun's Mystic Bla  Conj/Tloc      36%        2d9       47%         4
 Lesser Beckoning         Tloc           14%        N/A       50%         3
 Freezing Cloud           Conj/Ice/Air   22%        6-21      67%         5
 Agony                    Necr           39%        N/A       75%         5
 Manifold Assault         Tloc           14%        N/A       99%         5
 Death Channel            Necr           19%        N/A       99%         6
 Simulacrum               Ice/Necr       13%        N/A       100%        6
 Summon Cactus Giant      Summ           7%         N/A       100%        6
 Storm Form               Tmut/Air       28%        N/A       100%        7
 Maxwell's Capacitive Co  Air            28%        ∞         100%        8
 Blink                    Tloc           Unusable   N/A       N/A         2

Dungeon Overview and Level Annotations

Branches:
Dungeon (11/15)            Temple (1/1) D:5             Orc (0/2) D:9
 Bailey (visited)
   Lair: D:8-11

Altars:
Ashenzari
Cheibriados
Dithmenos
Elyvilon
Fedhas
Gozag
Hepliaklqana
Kikubaaqudgha
Makhleb
Nemelex Xobeh
Okawaru
Qazlal
Ru
Sif Muna
Trog
Uskayaw
Vehumet
Wu Jian
Xom
Yredelemnul
Zin
The Shining One

Shops:
D:5 *(   D:6 *   D:8 =   D:10 *

Annotations:
D:8 exclusion: spectral thing


Innate Abilities, Weirdness & Mutations

You cannot be hasted, slowed, berserked, paralysed or teleported.
You can dig through walls and to a lower floor.
You have a pair of large antennae on your head. (SInv)
Your four strong arms can wield two-handed weapons with a shield.
You are agile. (Dex +4, Str/Int -1)
You are frail. (-10% HP)
Your spells are a little harder to cast, but a little more powerful.


Message History

The yak is engulfed in blazing flames.
You block the yak's attack.
The yak is engulfed in blazing flames.
You kill the yak!
Kikubaaqudgha accepts your kill.
You have reached level 12!
You feel clever.
Casting: Ignite Poison (dangerous; 5% risk of failure)
Confirm with . or Enter, or press ? or * to list all spells.
Aiming: Mephitic Cloud (dangerous; 5% risk of failure)
Press: ? - help, Shift-Dir - straight line, f - troll
Aim: a troll (chance to affect: 67%)
The ball explodes into a vile cloud!
The stinking cloud engulfs the troll but does no damage.
The wyvern hisses menacingly.
The troll is engulfed in noxious fumes.
Casting: Mephitic Cloud (dangerous; 5% risk of failure)
Confirm with . or Enter, or press ? or * to list all spells.
You ignite the poison in your surroundings!
The wyvern is engulfed in blazing flames.
The troll is engulfed in blazing flames.
The troll closely misses you. The troll claws you. x2
You slash the troll!
The troll is heavily wounded.
The wyvern is engulfed in blazing flames.
You kill the wyvern!
Kikubaaqudgha accepts your kill.
The troll is engulfed in blazing flames.
The troll bites you! You block the troll's attack. x2
You hit the troll but do no damage.
The troll is severely wounded.
The troll is engulfed in blazing flames.
You kill the troll!
Kikubaaqudgha accepts your kill.
The cyclops throws a large rock.
The large rock hits you!!!
You die...
Kikubaaqudgha rasps: "You have failed me!
Welcome... death!"

### #. #@## .#P..
##○## .P...
##§#######...♣♣.P
##§C......P...P.
#Y†)†.Y.....P..
#.........♣....
#............♣Y
#........./..PP
#.........P..l.


You could see a cyclops and a yak.

Vanquished Creatures
  An orc warlord (Bailey)
  2 two-headed ogres
  Pikel (D:8)
  A gargoyle (D:9)
  An unseen horror (D:10)
  A troll (D:11)
  2 hornets
  3 shadows (D:9)
  3 wyverns
  4 yaks (D:11)
  7 vampire mosquitoes
  Duvessa (D:6)
  5 water moccasins
  5 orc warriors
  A black bear (D:7)
  An ice beast (D:7)
  2 sky beasts
  An ogre (D:6)
  A centaur (D:7)
  2 lemures (D:8)
  3 phantoms
  3 kobold brigands
  2 bullfrogs (D:8)
  3 necrophages
  2 gnoll sergeants
  3 scorpions
  13 wights
  Dowan (D:6)
  2 troll zombies (D:9)
  An electric eel (D:9)
  12 orc priests
  7 hounds
  3 jellies
  A gnoll bouda (D:5)
  6 iguanas
  13 orc wizards
  6 ogre zombies (D:9)
  9 adders
  18 gnolls
  2 white imps
  2 ufetubi
  A worm (D:2)
  A dart slug (D:2)
  37 orcs
  5 endoplasms
  2 giant cockroaches
  15 hobgoblins
  7 jackals (D:2)
  29 kobolds
  3 quokkas
  13 ball pythons
  5 bats
  5 frilled lizards
  13 goblins
  3 goblin skeletons (D:9)
  4 goblin zombies (D:9)
  6 hobgoblin zombies (D:9)
  12 orc zombies (D:9)
  4 rats
322 creatures vanquished.

Vanquished Creatures (others)
  2 electric eels (D:9)
  A fungus (D:11)
  29 plants
32 creatures vanquished.

Grand Total: 354 creatures vanquished

Notes
Turn   | Place    | Note
-------+----------+-------------------------------------------
     0 | D:1      | DildoBatman the Formicid Conjurer began the quest for the
                  | Orb.
     0 | D:1      | Reached XP level 1. HP: 13/13 MP: 3/3
   178 | D:1      | Reached XP level 2. HP: 19/19 MP: 5/5
   181 | D:1      | Learned a level 2 spell: Searing Ray
   678 | D:1      | Reached XP level 3. HP: 24/24 MP: 4/6
   983 | D:1      | Found a faded altar of an unknown god.
  1135 | D:2      | Reached XP level 4. HP: 14/30 MP: 3/7
  1320 | D:2      | Reached skill level 5 in Conjurations
  1850 | D:2      | Reached XP level 5. HP: 23/35 MP: 0/8
  2457 | D:3      | Learned a level 3 spell: Mephitic Cloud
  3074 | D:4      | Reached skill level 1 in Shields
  3074 | D:4      | Reached XP level 6. HP: 35/42 MP: 0/9
  3115 | D:4      | Reached skill level 1 in Fighting
  3115 | D:4      | Reached skill level 1 in Armour
  3115 | D:4      | Reached skill level 1 in Poison Magic
  3280 | D:4      | Reached skill level 1 in Air Magic
  3351 | D:4      | Identified the +5 falchion "Dupeg" {drain, Int+2 Dex+4}
  3373 | D:4      | Reached XP level 7. HP: 48/48 MP: 3/11
  3398 | D:4      | Found an iron altar of Okawaru.
  3771 | D:5      | Entered Level 5 of the Dungeon
  3806 | D:5      | Reached skill level 3 in Spellcasting
  3935 | D:5      | Reached XP level 8. HP: 24/57 MP: 0/12
  3981 | D:5      | Reached skill level 4 in Spellcasting
  4153 | D:5      | Found a staircase to the Ecumenical Temple.
  4161 | Temple   | Entered the Ecumenical Temple
  4330 | D:5      | Reached skill level 5 in Poison Magic
  4542 | D:5      | Reached skill level 5 in Spellcasting
  4542 | D:5      | Reached XP level 9. HP: 52/62 MP: 8/16
  4801 | D:5      | Found Neimesch's Antique Weapon Boutique.
  4829 | D:5      | Found Odelyg's Mayhem Merchandise.
  5017 | D:5      | Learned a level 3 spell: Ignite Poison
  5124 | D:6      | Reached skill level 1 in Transmutations
  5124 | D:6      | Reached skill level 1 in Fire Magic
  5355 | D:6      | Found Wubuir's General Store.
  5393 | D:6      | Noticed Duvessa
  5393 | D:6      | Noticed Dowan
  5440 | D:6      | Reached skill level 6 in Spellcasting
  5527 | D:6      | Found a broken altar of Ashenzari.
  5532 | D:6      | Found a basalt altar of Yredelemnul.
  5532 | D:6      | Found a hide-covered altar of Uskayaw.
  5545 | D:6      | Found a snail-covered altar of Cheibriados.
  5548 | D:6      | Found an ancient bone altar of Kikubaaqudgha.
  5555 | D:6      | Became a worshipper of Kikubaaqudgha
  5896 | D:7      | Found a bloodstained altar of Trog.
  6266 | D:7      | Reached XP level 10. HP: 70/70 MP: 12/19
  6463 | D:7      | Reached skill level 5 in Air Magic
  6472 | D:7      | Reached * piety under Kikubaaqudgha
  6472 | D:7      | Received a gift from Kikubaaqudgha
  6476 | D:7      | Learned a level 2 spell: Sublimation of Blood
  6480 | D:7      | Learned a level 3 spell: Vampiric Draining
  6792 | D:6      | Killed Duvessa
  6803 | D:6      | Killed Dowan
  6804 | D:6      | Reached skill level 7 in Spellcasting
  6930 | D:6      | Bought a potion of mutation for 88 gold pieces
  6930 | D:6      | Bought a scroll of identify for 22 gold pieces
  6930 | D:6      | Bought a wand of roots (3) for 79 gold pieces
  6930 | D:6      | Bought a potion of might for 44 gold pieces
  7000 | D:7      | Gained mutation: Your muscles are strong. (Str +4, Int/Dex
                  | -1) [potion of mutation]
  7000 | D:7      | Gained mutation: Your body sometimes deteriorates upon
                  | taking damage. [potion of mutation]
  7251 | D:8      | Noticed Pikel
  7263 | D:8      | Killed Pikel
  7264 | D:8      | Reached skill level 5 in Transmutations
  7604 | D:8      | Found Teptunil's Jewellery Shop.
  7630 | D:8      | Found a hazy altar of Hepliaklqana.
  7631 | D:8      | Found a shimmering altar of Xom.
  7632 | D:8      | Noticed a spectral ugly thing
  7992 | D:9      | Noticed a two-headed ogre
  8107 | D:9      | Reached skill level 5 in Fire Magic
  8185 | D:9      | Reached ** piety under Kikubaaqudgha
  8192 | D:9      | Found a flagged portal.
  8228 | D:9      | Identified the +2 ring mail "Guchoj" {Will+}
  8278 | D:9      | Found a white marble altar of Elyvilon.
  8418 | Bailey   | Entered a bailey
  8452 | Bailey   | Lost mutation: Your muscles are strong. (Str +4, Int/Dex
                  | -1) [potion of mutation]
  8452 | Bailey   | Lost mutation: Your body sometimes deteriorates upon taking
                  | damage. [potion of mutation]
  8452 | Bailey   | Gained mutation: You expend magic power (3 MP) to
                  | strengthen your wands. [potion of mutation]
  8453 | Bailey   | Lost mutation: You expend magic power (3 MP) to strengthen
                  | your wands. [potion of mutation]
  8453 | Bailey   | Gained mutation: You are frail. (-10% HP) [potion of
                  | mutation]
  8453 | Bailey   | Gained mutation: You are agile. (Dex +4, Str/Int -1)
                  | [potion of mutation]
  8453 | Bailey   | Gained mutation: Your spells are a little harder to cast,
                  | but a little more powerful. [potion of mutation]
  8458 | Bailey   | Noticed an orc warlord
  8651 | Bailey   | Found a runed translucent gate.
  8654 | Bailey   | Found a runed translucent gate.
  8713 | Bailey   | Found a runed translucent gate.
  9077 | Bailey   | Killed an orc warlord
  9078 | Bailey   | Reached XP level 11. HP: 66/67 MP: 10/21
  9178 | D:9      | Killed a two-headed ogre
  9401 | D:9      | Got the Catalogue of the Stinger
  9476 | D:9      | Reached *** piety under Kikubaaqudgha
  9476 | D:9      | Received a gift from Kikubaaqudgha
  9647 | D:9      | Found a staircase to the Orcish Mines.
 10191 | D:9      | Learned a level 4 spell: Dispel Undead
 10193 | D:9      | Acquired 836 gold pieces
 10195 | D:9      | Acquired 1020 gold pieces
 10266 | D:5      | Bought an ancient mace for 232 gold pieces
 10266 | D:5      | Identified the +2 mace "Killer Bee's Doom" {pain, *Rage rC+
                  | Str+6} (You bought it in a shop on level 5 of the Dungeon)
 10269 | D:5      | You fall into a shaft and drop 3 floors!
 10328 | D:10     | Entered Level 10 of the Dungeon
 10395 | D:10     | Reached **** piety under Kikubaaqudgha
 10428 | D:10     | Found Anoleu's General Store.
 10485 | D:10     | Reached skill level 1 in Necromancy
 10922 | D:10     | Found a shadowy altar of Dithmenos.
 10927 | D:10     | Found a sacrificial altar of Ru.
 10932 | D:10     | Found a burning altar of Makhleb.
 10936 | D:10     | Found a stormy altar of Qazlal.
 10939 | D:10     | Found a sparkling altar of Nemelex Xobeh.
 10944 | D:10     | Found a glowing silver altar of Zin.
 11083 | D:11     | Noticed a two-headed ogre
 11094 | D:11     | Killed a two-headed ogre
 11099 | D:11     | Reached skill level 5 in Fighting
 11099 | D:11     | Reached skill level 5 in Armour
 11099 | D:11     | Reached skill level 8 in Spellcasting
 11118 | D:11     | Noticed a cyclops
 11121 | D:11     | Reached XP level 12. HP: 46/75 MP: 18/24
 11124 | D:11     | Hit by a large rock thrown by a cyclops

Illustrated notes

Levels and vault maps discovered:
D:1:      wander_arrival_chamber, layout_basic,
          dilly_ecumenical_altar_fadedgnrine
D:2:      minmay_razor_zed, layout_loops_ring, grunt_ministairs_3,
          kennysheep_flooded_box
D:3:      layout_basic, minmay_fountain_box
D:4:      layout_cave_pools, okawaru_ov_weapons_minmay
D:5:      layout_loops_ring, minmay_temple_entry_enclosed_plants, serial_shops,
          kennysheep_little_box, minmay_shop_mayhem
D:6:      layout_cave_pools, minmay_overflow_temple_star_hex, serial_shops,
          nicolae_inconvenience_store, uniq_duvessa
D:7:      layout_loops_cross, old_standard_altar
D:8:      layout_basic, regret_index_temple_of_mockery, serial_shops, shop,
          uniq_pikel
D:9:      layout_loops_ring, mainiacjoe_overflow_alcove_2, zombieorc2_lemuel,
          enter_bailey_4, serial_bayou, serial_bayou_pond_c,
          serial_bayou_pond_d, serial_bayou_pond_a, serial_bayou_crossing,
          small_chamber_with_monster
D:10:     layout_basic, nicolae_overflow_hallway_of_the_gods, serial_shops,
          nicolae_stop_n_shop_1, hangedman_decor_growths
D:11:     layout_roguey, minmay_lair_entry_grove,
          nicolae_hepliaklqana_hazy_memory
Temple:   nicolae_temple_two_arcs

Skill      XL: |  1  2  3  4  5  6  7  8  9 10 11 |
---------------+----------------------------------+-----
Conjurations   | 4 5 6 |  6.4
Dodging        | 2 3 |  3.0
Shields        | 1 2 3 |  3.0
Fighting       | 1 2 3 5 |  5.0
Armour         | 1 2 3 5 |  5.0
Poison Magic   | 1 3 5 6 7 |  7.0
Air Magic      | 1 3 4 6 |  6.3
Spellcasting   | 3 5 6 7 8 |  8.0
Transmutations | 3 6 7 |  7.0
Fire Magic     | 2 5 6 |  6.0
Necromancy     | 3 |  3.6
Stealth        | |  2.4

Action                   |  1- 3 |  4- 6 |  7- 9 | 10-12 || total
-------------------------+-------+-------+-------+-------++-------
Melee: Dagger            |     5 |       |       |       ||     5
       Short sword       |     3 |    22 |       |       ||    25
       Hand axe          |       |     5 |       |       ||     5
       Falchion          |       |       |    64 |   266 ||   330
 Fire: Sling             |       |    27 |    19 |       ||    46
       Arbalest          |       |       |       |     2 ||     2
 Cast: Magic Dart        |    34 |    31 |    17 |    14 ||    96
       Searing Ray       |     2 |    16 |    44 |    13 ||    75
       Mephitic Cloud    |       |       |     2 |    59 ||    61
       Ignite Poison     |       |       |     2 |    32 ||    34
 Abil: Dig               |       |       |       |     3 ||     3
       Shaft Self        |       |       |       |     1 ||     1
Evoke: Wand              |       |       |       |     5 ||     5
  Use: Scroll            |       |     2 |     1 |    10 ||    13
       Potion            |       |       |     1 |     4 ||     5
 Stab: Sleeping          |     2 |     4 |     3 |     1 ||    10
       Distracted        |       |       |     1 |       ||     1
       Confused          |       |       |       |    19 ||    19
       Paralysed         |       |       |       |     2 ||     2
Armor: Robe              |     3 |     8 |    18 |    10 ||    39
       Ring mail         |       |       |       |    54 ||    54
Dodge: Dodged            |     8 |    27 |    72 |   131 ||   238
Block: Buckler           |       |       |    27 |    78 ||   105
